 Dungeon Crawl Stone Soup version 0.30-a0-989-g0d87f670db (webtiles) character file.

Game seed: 16171208610015222251

81 Manis1an the Caller (level 4, 23/24 HPs)
             Began as a Tengu Summoner on Mar 29, 2023.
             Quit the game on level 2 of the Dungeon on Apr 3, 2023.
             The game lasted 00:05:03 (1795 turns).

Manis1an the Caller (Tengu Summoner)                Turns: 1795, Time: 00:05:03

Health: 23/24      AC:  2    Str: 10    XL:     4   Next: 42%
Magic:  9/9        EV: 13    Int: 15    God:
Gold:   82         SH:  0    Dex: 15    Spells: 2/8 levels left

rFire   . . .      SeeInvis .    f - +0 scimitar
rCold   . . .      Faith    .    (no shield)
rNeg    . . .      Spirit   .    a - +0 robe
rPois   .          Reflect  .    (helmet restricted)
rElec   .          Rampage  .    (no cloak)
rCorr   .                        (no gloves)
Will    .....                    (boots unavailable)
Stlth   ++                       (no amulet)
HPRegen 0.24/turn                (no ring)
MPRegen 0.11/turn                (no ring)

@: no status effects
A: beak, talons 3
a: no special abilities


You were on level 2 of the Dungeon.
You visited 1 branch of the dungeon, and saw 2 of its levels.

You collected 82 gold pieces.

Inventory:

Hand Weapons
 f - a +0 scimitar (weapon)
Missiles
 d - 17 stones (quivered)
Armour
 a - a +0 robe (worn)
Jewellery
 c - an amulet of reflection
Wands
 i - a wand of light (3)
Scrolls
 e - 3 scrolls of identify
 h - a scroll of teleportation {unknown}
Potions
 b - a potion of magic
 g - a potion of flight {unknown}
 j - a potion of attraction {unknown}


   Skills:
 + Level 0.3 Fighting
 + Level 2.8 Dodging
 - Level 2.0 Stealth
 - Level 0.1 Unarmed Combat
 + Level 2.8 Spellcasting
 + Level 6.0 Summonings


You had 2 spell levels left.
You knew the following spells:

 Your Spells              Type           Power      Damage    Failure   Level
a - Summon Small Mammal   Summ           80%        N/A       1%          1
b - Call Imp              Summ           20%        N/A       2%          2
c - Call Canine Familiar  Summ           20%        N/A       5%          3

Your spell library contained the following spells:

 Spells                   Type           Power      Damage    Failure   Level
 Cigotuvi's Dreadful Rot  Necr/Pois/Air  4%         N/A       30%         2
 Poisonous Vapours        Pois/Air       4%         N/A       30%         2
 Summon Guardian Golem    Hex/Summ       11%        N/A       19%         3
 Mephitic Cloud           Conj/Pois/Air  2%         N/A       52%         3
 Summon Lightning Spire   Summ/Air       11%        N/A       52%         4


Dungeon Overview and Level Annotations

Branches:
Dungeon (2/15)

Altars:


Innate Abilities, Weirdness & Mutations

You have a beak for a mouth.
You have claws for feet.


Message History

The goblin hits you with a +0 dagger.
You slash the goblin!
You kill the goblin!
No target in view!
HP restored.
You see here a +0 chain mail.
You see here a +0 dagger.
Items here: )) ††.
j - a green potion A bat comes into view.
A bat is nearby!
A dart slug comes into view.
Found a leather armour.
Found a stone staircase leading down.
The bat closely misses you. The bat hits you.
You slash the dart slug!
You kill the dart slug!
The bat closely misses you.
Your Summonings skill increases to level 6!
You barely miss the bat. Your kick misses the bat. The bat barely misses you.
The bat barely misses you. The bat misses you.
You miss the bat. You claw the bat, but do no damage. Your peck misses the bat.
The bat barely misses you. The bat barely misses you.
You barely miss the bat. Your peck misses the bat. The bat hits you.
The bat misses you. The bat closely misses you.
You miss the bat. You claw the bat, but do no damage.
The bat hits you but does no damage. The bat hits you.
The bat barely misses you.
You miss the bat. You claw the bat.
The bat is moderately wounded.
The bat closely misses you. The bat hits you but does no damage. x2
You hit the bat.
You kill the bat!
No target in view!
No target in view!
No target in view!
No target in view!
No target in view!
Are you sure you want to abandon this character and quit the game? (Confirm with "yes".)

.#..................##.#..####...
.....#.#.........................
...................#####.#####...
##...####.#...#.########.####
.....# #.#...#.# #.......# .....#
#.......# #.##.##.# ##.[
#.#.....# #.##.##.### ##.#
#.#.....#####.##>.....# ...#
#.......@...#.#####.#.# ####
###.####.####.#.#####.#.# #
......†.....# #.......#.### ...
###.#.......# #########.... ###
#......[... ##### # #.........>#
# .....#..##.# < .#..#.#.... .
..#.......##.


There were no monsters in sight!

Vanquished Creatures
  A dart slug (D:2)
  A ball python (D:2)
  3 giant cockroaches
  4 hobgoblins
  A kobold (D:2)
  2 quokkas (D:1)
  A bat (D:2)
  2 frilled lizards
  A goblin (D:2)
  A rat (D:1)
17 creatures vanquished.

Vanquished Creatures (collateral kills)
  Robin (D:2)
  An adder (D:2)
  A ball python (D:1)
  A bat (D:1)
  3 endoplasms
  2 giant cockroaches (D:1)
  12 goblins
  7 hobgoblins
  2 kobolds (D:1)
  A frilled lizard (D:1)
  3 rats (D:1)
34 creatures vanquished.

Grand Total: 51 creatures vanquished

Notes
Turn   | Place    | Note
-------+----------+-------------------------------------------
     0 | D:1      | Manis1an the Tengu Summoner began the quest for the Orb.
     0 | D:1      | Reached XP level 1. HP: 10/10 MP: 4/4
    66 | D:1      | Reached skill level 5 in Summonings
    79 | D:1      | Reached XP level 2. HP: 15/15 MP: 3/6
   247 | D:1      | Learned a level 2 spell: Call Imp
   605 | D:1      | Reached XP level 3. HP: 12/19 MP: 5/7
   609 | D:1      | Learned a level 3 spell: Call Canine Familiar
  1454 | D:2      | Upgraded the game from 0.30-a0-956-gcec3b41aec to
                  | 0.30-a0-989-g0d87f670db
  1576 | D:2      | Reached XP level 4. HP: 24/24 MP: 1/8
  1588 | D:2      | Noticed Robin
  1595 | D:2      | Killed Robin
  1786 | D:2      | Reached skill level 6 in Summonings
  1795 | D:2      | Quit the game

Illustrated notes

Levels and vault maps discovered:
D:1:      nicolae_arrival_somewhat_less_tricky_arrival, layout_basic,
          minmay_octomino_j4
D:2:      layout_loops_cross, minmay_misc_feat_alley,
          chequers_serial_rivers_micro_a, nrook_uturn, hex_tiny, uniq_robin

Skill      XL: |  1  2  3  4 |
---------------+-------------+-----
Summonings     | 5 6 |  6.0
Fighting       | |  0.3
Dodging        | |  2.8
Stealth        | |  2.0
Unarmed Combat | |  0.1
Spellcasting   | |  2.8

Action                     |  1- 3 |  4- 6 || total
---------------------------+-------+-------++-------
  Melee: Unarmed           |    16 |       ||    16
         Kick              |     6 |     3 ||     9
         Peck              |     2 |     1 ||     3
         Punch             |     1 |       ||     1
         Scimitar          |    19 |    12 ||    31
  Throw: Stone             |     2 |       ||     2
   Cast: Summon Small Mamm |    31 |       ||    31
         Call Canine Famil |     3 |     1 ||     4
         Call Imp          |     2 |       ||     2
    Use: Scroll            |     3 |       ||     3
   Stab: Sleeping          |     2 |       ||     2
 Armour: Robe              |    12 |     3 ||    15
  Dodge: Dodged            |    31 |    15 ||    46

Table legend: (Time is in decaauts)
 A = Elapsed time spent in this place.
 B = Non-inter-level travel time spent in this place.
 C = Inter-level travel time spent in this place.
 D = Time resting spent in this place.
 E = Time spent auto-exploring this place.
 F = Levels seen in this place.
 G = Mean time per level.
                   A        B        C        D        E       F      G
               +--------+--------+--------+--------+--------+-----+--------+
         Total |   1806 |   1794 |     12 |      0 |   1400 |   2 |  903.0 |
       Dungeon |   1806 |   1794 |     12 |      0 |   1400 |   2 |  903.0 |
               +--------+--------+--------+--------+--------+-----+--------+

Top non-repeatable levels by time:
     D:1: 1220 daAuts
     D:2: 586 daAuts
